 Dungeon Crawl Stone Soup version 0.30-a0-965-g42e074c17a (webtiles) character file.

Game seed: 17628088771460874079

1039 Ahpoh the Slasher (level 8, -3/48 HPs)
             Began as a Gargoyle Gladiator on Mar 30, 2023.
             Was a Follower of Wu Jian.
             Slain by an ogre
             ... wielding a +0 giant club
              (16 damage)
             ... on level 5 of the Dungeon.
             The game lasted 00:27:55 (5166 turns).

Ahpoh the Slasher (Gargoyle Gladiator)              Turns: 5166, Time: 00:27:55

Health: -3/48      AC: 17    Str: 22    XL:     8   Next: 24%
Magic:  8/8        EV:  5    Int:  8    God:    Wu Jian [*.....]
Gold:   282        SH:  7    Dex: 12    Spells: 7/7 levels left

rFire   + . .      SeeInvis .    a - +0 long sword (heavy)
rCold   + . .      Faith    .    D - +0 kite shield
rNeg    + . .      Spirit   .    j - +0 plate armour
rPois   ∞          Reflect  .    (helmet restricted)
rElec   +          Rampage  .    q - scarf {rC+ rF+}
rCorr   .                        (no gloves)
Will    +....                    (no boots) Stlth
                                 (no amulet)
HPRegen 0.28/turn                (no ring)
MPRegen 0.11/turn                (no ring)

@: about to teleport
A: sickness immunity, AC +5, negative energy resistance 1, electricity
resistance, torment resistance 1, petrification resistance, beak, claws 1,
strong-willed 1, strong 1, evolution 1
a: Renounce Religion


You were on level 5 of the Dungeon.
You worshipped Wu Jian.
Wu Jian was aware of your devotion.
You visited 1 branch of the dungeon, and saw 5 of its levels.
You also visited: Sewer.

You collected 282 gold pieces.

Inventory:

Hand Weapons
 a - a +0 heavy long sword (weapon)
Missiles
 d - 2 throwing nets (quivered)
 e - a javelin
 n - 6 atropa-tipped darts
Armour
 b - a +0 leather armour
 c - a +0 helmet
 j - a +0 plate armour (worn)
 q - a scarf of resistance (worn)
 D - a +0 kite shield (worn)
Jewellery
 u - a ring of ice
Wands
 y - a wand of polymorph (4)
Scrolls
 f - 3 scrolls of teleportation
 g - a scroll of acquirement {unknown}
 i - 3 scrolls of identify
 l - 2 scrolls of vulnerability
 m - a scroll of enchant weapon {unknown}
 r - a scroll of brand weapon
 t - a scroll of amnesia {unknown}
 x - a scroll of blinking {unknown}
 B - a scroll of magic mapping {unknown}
Potions
 h - 2 potions of haste {unknown}
 k - 2 potions of curing
 o - 2 potions of lignification {unknown}
 p - a potion of ambrosia {unknown}
 s - a potion of attraction {unknown}
 v - 2 potions of might
 w - 2 potions of heal wounds {unknown}
 z - 2 potions of cancellation {unknown}
 A - a potion of brilliance {unknown}
 C - a potion of flight {unknown}


   Skills:
 + Level 4.5 Fighting
 + Level 6.5 Long Blades
 + Level 1.9 Throwing
 + Level 5.2 Armour
 + Level 3.0 Dodging
 + Level 0.4 Shields
 + Level 0.1 Unarmed Combat


You had 7 spell levels left.
You didn't know any spells.
Your spell library contained the following spells:

 Spells                   Type           Power      Damage    Failure   Level
 Apportation              Tloc           0%         N/A       100%        1
 Magic Dart               Conj           0%         1d3       100%        1
 Necrotise                Necr           0%         1d4       100%        1
 Summon Small Mammal      Summ           0%         N/A       100%        1
 Blink                    Tloc           0%         N/A       100%        2
 Call Imp                 Summ           0%         N/A       100%        2
 Lesser Beckoning         Tloc           0%         N/A       100%        2
 Momentum Strike          Conj/Tloc      0%         3d8       100%        2
 Mephitic Cloud           Conj/Pois/Air  0%         N/A       100%        3


Dungeon Overview and Level Annotations

Branches:
Dungeon (5/15)              Sewer (visited)
 Temple: D:4-7

Altars:
Hepliaklqana
Okawaru
Sif Muna
Wu Jian

Shops:
D:3 [

Annotations:
D:1 2 transporters
D:3 3 runed translucent doors, xian's ghost, amateur DrHu


Innate Abilities, Weirdness & Mutations

You are immune to sickness and miasma.
Your stone body is resilient. (AC +5)
You are immune to poison.
You resist negative energy. (rN+)
You are resistant to electric shocks. (rElec)
You are resistant to unholy torment.
You are immune to petrification.
You have a beak for a mouth.
You have sharp fingernails.
You are strong-willed. (Will+)
Your muscles are strong. (Str +4, Int/Dex -1)
You have hidden genetic potential.


Message History

You hit the orc but do no damage. You peck the orc, but do no damage.
The orc hits you but does no damage.
The orc hits you with a +2 dagger of draining.
You barely miss the orc. You peck the orc, but do no damage.
You block the orc's attack. x2
You barely miss the orc. The orc hits you but does no damage.
You slice the orc!!
You kill the orc!
The Council accepts your kill.
You can now lightly attack monsters by moving around them.
The phantom hits you but does no damage.
You miss the phantom.
The phantom hits you but does no damage.
You block the phantom's attack.
You closely miss the phantom. Your peck misses the phantom.
You block the phantom's attack.
The phantom hits you but does no damage.
You hit the phantom. Your peck misses the phantom.
The phantom is lightly damaged.
The phantom hits you but does no damage.
The phantom hits you.
You slash the phantom!
The phantom is severely damaged.
The phantom hits you but does no damage.
The phantom hits you.
The phantom blinks!
You blink.
Found a grey potion.
You spin to attack the phantom, but your attack speed is too slow for a blow to land.
The phantom hits you.
* * * LOW HITPOINT WARNING * * *
The phantom blinks!
You blink.
An ogre comes into view. It is wielding a +0 giant club.
Found a pair of gloves.
As you read the scroll of teleportation, it crumbles to dust.
You feel strangely unstable.
The ogre shouts!
The phantom hits you but does no damage.
You slice the phantom!!
You destroy the phantom!
The Council accepts your kill. The ogre attacks as you move away!
The ogre hits you with a +0 giant club!
You die...

##...###.# ..##...#
#.....##†##.....#...##
#...............#.....
#.....#####.....#...##
##..[##...##...##...#
##.##.....##.#######
#.#.[.....# #
#.#.O.:...#.#
#†#@......#.#
##.##.....##.##
##...##...##...##
#.....##.##.....#
#.....§§.......!#
#.....#####.....#
##...## ##...## #####
####


You could see an ogre.

Vanquished Creatures
  An ice beast (D:5)
  A phantom (D:5)
  A kobold brigand (Sewer)
  A scorpion (D:5)
  A gnoll sergeant (D:5)
  4 hounds
  4 jellies
  An iguana (D:5)
  Ijyb (D:4)
  7 gnolls
  6 adders
  10 river rats (Sewer)
  A white imp (D:5)
  3 worms
  3 dart slugs
  5 orcs
  9 bats
  10 endoplasms
  7 giant cockroaches
  16 goblins
  5 hobgoblins
  7 jackals (D:4)
  29 kobolds
  3 quokkas
  13 ball pythons
  A frilled lizard (D:2)
  19 rats
169 creatures vanquished.

Notes
Turn   | Place    | Note
-------+----------+-------------------------------------------
     0 | D:1      | Ahpoh the Gargoyle Gladiator began the quest for the Orb.
     0 | D:1      | Reached XP level 1. HP: 12/12 MP: 1/1
   125 | D:1      | Reached skill level 3 in Long Blades
   125 | D:1      | Reached XP level 2. HP: 6/17 MP: 2/2
   290 | D:1      | You fall into a shaft and drop 1 floor!
   523 | D:1      | Reached XP level 3. HP: 20/22 MP: 3/3
  1152 | D:2      | Found a faded altar of an unknown god.
  1475 | D:2      | Reached XP level 4. HP: 24/27 MP: 4/4
  1495 | D:2      | Reached skill level 1 in Armour
  1680 | D:3      | Found Zoisi's Armour Shop.
  2015 | D:3      | Found an iron altar of Okawaru.
  2163 | D:3      | Found a shimmering blue altar of Sif Muna.
  2372 | D:3      | Reached XP level 5. HP: 32/32 MP: 5/5
  2503 | D:3      | Reached skill level 4 in Long Blades
  2769 | D:3      | Found a runed translucent gate.
  2769 | D:3      | Found a runed translucent gate.
  2769 | D:3      | Found a runed translucent gate.
  2770 | D:3      | Noticed xian's ghost (amateur DrHu)
  2772 | D:3      | Identified the +10 chain mail of Rylishre {Dex+3 SInv}
  2869 | D:4      | Noticed Ijyb
  2869 | D:4      | Found a glowing drain.
  3197 | Sewer    | Entered a sewer
  3570 | Sewer    | Reached XP level 6. HP: 33/36 MP: 6/6
  4041 | Sewer    | Reached skill level 5 in Long Blades
  4122 | Sewer    | Gained mutation: You have large cloven feet. [potion of
                  | mutation]
  4122 | Sewer    | Gained mutation: You are agile. (Dex +4, Str/Int -1)
                  | [potion of mutation]
  4122 | Sewer    | Gained mutation: You have a pair of small antennae on your
                  | head. [potion of mutation]
  4262 | D:3      | Lost mutation: You are agile. (Dex +4, Str/Int -1) [potion
                  | of mutation]
  4262 | D:3      | Lost mutation: You have large cloven feet. [potion of
                  | mutation]
  4262 | D:3      | Lost mutation: You have a pair of small antennae on your
                  | head. [potion of mutation]
  4262 | D:3      | Gained mutation: You sometimes lose your temper in combat.
                  | [potion of mutation]
  4268 | D:3      | Lost mutation: You sometimes lose your temper in combat.
                  | [potion of mutation]
  4268 | D:3      | Gained mutation: You have a beak for a mouth. [potion of
                  | mutation]
  4268 | D:3      | Gained mutation: You are strong-willed. (Will+) [potion of
                  | mutation]
  4268 | D:3      | Gained mutation: You have hidden genetic potential. [potion
                  | of mutation]
  4268 | D:3      | Gained mutation: Your muscles are strong. (Str +4, Int/Dex
                  | -1) [potion of mutation]
  4285 | D:4      | Killed Ijyb
  4376 | D:4      | Reached XP level 7. HP: 41/41 MP: 7/7
  4540 | D:4      | Found a hazy altar of Hepliaklqana.
  4752 | D:4      | Found an ornate altar of the Wu Jian Council.
  4762 | D:4      | Became a worshipper of the Wu Jian Council
  4818 | D:5      | Entered Level 5 of the Dungeon
  4959 | D:5      | Gained mutation: You have sharp fingernails. [hidden
                  | potential]
  5137 | D:5      | Reached skill level 6 in Long Blades
  5148 | D:5      | Reached skill level 5 in Armour
  5148 | D:5      | Reached XP level 8. HP: 12/48 MP: 8/8
  5157 | D:5      | Reached * piety under Wu Jian
  5166 | D:5      | Slain by an ogre

Illustrated notes

Levels and vault maps discovered:
D:1:      spicycebolla_arrival_transporter_tutorial, layout_basic
D:2:      cheibrodos_greedy_goblins, layout_basic, ebering_ecumenical_altar_webs
D:3:      layout_loops_corners, nicolae_overflow_hidden_temple,
          mainiacjoe_overflow_alcove_4, biasface_ghost_orc_armoury,
          serial_shops, shop, reono_crystal_passage, st_stairs_11,
          chequers_serial_rivers_room_a
D:4:      layout_rooms, mainiacjoe_overflow_boulevard,
          nzn_wu_jian_contemplation, gup_sewer_entry_glass, uniq_ijyb
D:5:      minmay_octagon_keep, layout_loops_corners,
          grunt_temple_overflow_order_and_chaos_2, fedhas_bush_and_centaur_altar

Skill      XL: |  1  2  3  4  5  6  7 |
---------------+----------------------+-----
Long Blades    | 3 4 5 6 |  6.5
Armour         | 2 3 5 |  5.2
Dodging        | 3 |  3.0
Fighting       | 3 4 |  4.5
Throwing       | |  1.9
Shields        | |  0.4
Unarmed Combat | |  0.1

Action                     |  1- 3 |  4- 6 |  7- 9 || total
---------------------------+-------+-------+-------++-------
  Melee: Long sword        |    99 |   384 |   107 ||   590
         Punch             |     1 |     1 |       ||     2
         Unarmed           |       |     7 |       ||     7
         Kick              |       |     2 |       ||     2
         Peck              |       |     1 |    28 ||    29
  Throw: Throwing net      |       |     1 |       ||     1
Ability: Lunge             |       |       |     3 ||     3
    Use: Potion            |       |     5 |     2 ||     7
         Scroll            |       |     3 |     1 ||     4
 Armour: Leather armour    |    24 |       |       ||    24
         Plate armour      |    44 |   513 |   143 ||   700
  Dodge: Dodged            |    41 |   230 |    66 ||   337
  Block: Kite shield       |       |       |    19 ||    19

Table legend: (Time is in decaauts)
 A = Elapsed time spent in this place.
 B = Non-inter-level travel time spent in this place.
 C = Inter-level travel time spent in this place.
 D = Time resting spent in this place.
 E = Time spent auto-exploring this place.
 F = Levels seen in this place.
 G = Mean time per level.
                   A        B        C        D        E       F      G
               +--------+--------+--------+--------+--------+-----+--------+
         Total |   5359 |   5310 |     49 |    624 |   2553 |   6 |  893.2 |
       Dungeon |   4379 |   4330 |     49 |    378 |   2408 |   5 |  875.8 |
         Sewer |    979 |    979 |      0 |    246 |    145 |   1 |  979.0 |
               +--------+--------+--------+--------+--------+-----+--------+

Top non-repeatable levels by time:
     D:3: 1626 daAuts
   Sewer: 979 daAuts
     D:1: 944 daAuts
     D:2: 759 daAuts
     D:4: 647 daAuts
     D:5: 402 daAuts
